BLB
HARTFORD WHALERS @ INDIANAPOLIS CLOWNS
04/26/2060
 
TOP OF THE 1ST
Hartford Whalers batting - Pitching for Indianapolis Clowns : RHP Troy Cooper
Pitching: RHP Troy Cooper
Batting: LHB Gene Grimes 0-0: Swinging Strike
0-1: Swinging Strike
0-2: Strikes out swinging
Batting: RHB Zyaire Semijenov 0-0: Ball
1-0: Swinging Strike
1-1: SINGLE (Line Drive, 34D, EV 98.8 MPH)
Batting: SHB JaQawn Schiegl 0-0: Ball
1-0: Grounds out, U3 (Groundball, 3L, EV 85.0 MPH)
Batting: LHB Ian Schreiber 0-0: Ball
1-0: Ball
2-0: Foul Ball, location: 2F
2-1: Foul Ball, location: 2F
2-2: Strikes out swinging
Top of the 1st over - 0 runs, 1 hit, 0 errors, 1 left on base; Hartford 0 - Indianapolis 0
BOTTOM OF THE 1ST
Indianapolis Clowns batting - Pitching for Hartford Whalers : RHP Rich Mount
Pitching: RHP Rich Mount
Batting: LHB Elias Owen 0-0: Ground out 6-3 (Groundball, 6, EV 102.5 MPH)
Batting: RHB Bryant Francis 0-0: Ball
1-0: Ball
2-0: Called Strike
2-1: Ball
3-1: Base on Balls
Batting: LHB Sean Hayward 0-0: Ball
1-0: Foul Ball, location: 2F
1-1: Swinging Strike
1-2: Foul Ball, location: 2F
1-2: Ball
2-2: SINGLE (Groundball, 6D, EV 106.9 MPH)
Bryant Francis to second
Batting: SHB Darren Lane 0-0: Called Strike
0-1: Ball
1-1: Swinging Strike
1-2: Ball
2-2: Ball
3-2: Strikes out swinging
Batting: LHB Grady Faulkner 0-0: Ball
1-0: Ball
2-0: Ball
3-0: Called Strike
3-1: DOUBLE (Flyball, 8LXD, EV 102.5 MPH)
Bryant Francis scores
Sean Hayward to third
Batting: RHB Jett Speer 0-0: Swinging Strike
0-1: Ball
1-1: SINGLE (Groundball, 6MD, EV 106.2 MPH)
Sean Hayward scores
Grady Faulkner to third
Batting: RHB Gage Hay 0-0: Called Strike
0-1: Ball
1-1: Ball
2-1: Foul Ball, location: 2F
2-2: Foul Ball, location: 2F
2-2: Strikes out swinging
Bottom of the 1st over - 2 runs, 3 hits, 0 errors, 2 left on base; Hartford 0 - Indianapolis 2
TOP OF THE 2ND
Hartford Whalers batting - Pitching for Indianapolis Clowns : RHP Troy Cooper
Batting: LHB Amric Robinson 0-0: Foul Ball, location: 2F
0-1: Swinging Strike
0-2: Ball
1-2: Ball
2-2: Ball
3-2: Strikes out looking
Batting: RHB Wyatt McKenney 0-0: Fly out, F8 (Flyball, 8RM, EV 80.6 MPH)
Batting: LHB Houston Yap 0-0: Ball
1-0: Ball
2-0: Called Strike
2-1: DOUBLE (Groundball, 5L, EV 103.1 MPH)
Batting: RHB Reilly Wren 0-0: Ball
1-0: SINGLE (Flyball, 6MD, EV 90.6 MPH)
Houston Yap to third
Batting: LHB Dalton Winger 0-0: Foul Ball, location: 2F
0-1: Called Strike
0-2: Foul Ball, location: 2F
0-2: Strikes out swinging
Top of the 2nd over - 0 runs, 2 hits, 0 errors, 2 left on base; Hartford 0 - Indianapolis 2
BOTTOM OF THE 2ND
Indianapolis Clowns batting - Pitching for Hartford Whalers : RHP Rich Mount
Batting: RHB Blake Kahn 0-0: DOUBLE (Groundball, 5L, EV 105.0 MPH)
Batting: RHB Jared Bradley 0-0: Ball
1-0: SINGLE (Line Drive, 34D, EV 95.6 MPH)
Blake Kahn to third
Batting: LHB Elias Owen 0-0: Foul Ball, location: 2F
0-1: Swinging Strike
0-2: Foul Ball, location: 2F
0-2: Ball
1-2: SINGLE (Line Drive, 7S, EV 108.1 MPH)
Blake Kahn scores
Jared Bradley to second
Batting: RHB Bryant Francis 0-0: Called Strike
0-1: SINGLE (Flyball, 89S, EV 90.0 MPH)
Jared Bradley to third
Elias Owen to second
Runner from 3rd tries for Home, SAFE, throw by RF to home
Batting: LHB Sean Hayward 0-0: Swinging Strike
0-1: Ball
1-1: SINGLE (Groundball, 4MD, EV 98.8 MPH)
Elias Owen to third
Bryant Francis to second
Batting: SHB Darren Lane 0-0: Ball
1-0: Foul Ball, location: 2F
1-1: Foul Ball, location: 2F
1-2: Ball
2-2: Strikes out swinging
Batting: LHB Grady Faulkner 0-0: Ball
1-0: Ball
2-0: Swinging Strike
2-1: Ball
3-1: Foul Ball, location: 2F
3-2: Base on Balls
Elias Owen scores
Bryant Francis to third
Sean Hayward to second
Pitching: RHP Blake Yost
Batting: RHB Jett Speer 0-0: Swinging Strike
0-1: Swinging Strike
0-2: Strikes out swinging
Batting: RHB Gage Hay 0-0: Ball
1-0: Ball
2-0: Ground out 5-3 (Groundball, 56S, EV 87.5 MPH)
Bottom of the 2nd over - 3 runs, 5 hits, 0 errors, 3 left on base; Hartford 0 - Indianapolis 5
TOP OF THE 3RD
Hartford Whalers batting - Pitching for Indianapolis Clowns : RHP Troy Cooper
Batting: LHB Gene Grimes 0-0: Ball
1-0: Ground out 5-3 (Groundball, 56, EV 90.0 MPH)
Batting: RHB Zyaire Semijenov 0-0: Ground out 1-3 (Groundball, P, EV 68.1 MPH)
Batting: SHB JaQawn Schiegl 0-0: Hit by Pitch
Batting: LHB Ian Schreiber 0-0: Ball
1-0: Swinging Strike
1-1: Ball
2-1: Foul Ball, location: 2F
2-2: Strikes out swinging
Top of the 3rd over - 0 runs, 0 hits, 0 errors, 1 left on base; Hartford 0 - Indianapolis 5
BOTTOM OF THE 3RD
Indianapolis Clowns batting - Pitching for Hartford Whalers : RHP Blake Yost
Batting: RHB Blake Kahn 0-0: Called Strike
0-1: SINGLE (Groundball, 6D, EV 98.8 MPH)
Batting: RHB Jared Bradley 0-0: Ball
1-0: Fly out, F7 (Flyball, 7, EV 86.9 MPH)
Batting: LHB Elias Owen 0-0: Ball
1-0: Swinging Strike
1-1: Ball
2-1: Foul Ball, location: 2F
2-2: SINGLE (Line Drive, 4M, EV 95.6 MPH)
Blake Kahn to second
Batting: RHB Bryant Francis 0-0: Foul Ball, location: 2F
0-1: Ball
1-1: Called Strike
1-2: Ball
2-2: Ball
3-2: Base on Balls
Blake Kahn to third
Elias Owen to second
Batting: LHB Sean Hayward 0-0: Ball
1-0: Ball
2-0: Grounds into double play, 5-4-3 (Groundball, 5, EV 85.6 MPH)
Bottom of the 3rd over - 0 runs, 2 hits, 0 errors, 2 left on base; Hartford 0 - Indianapolis 5
TOP OF THE 4TH
Hartford Whalers batting - Pitching for Indianapolis Clowns : RHP Troy Cooper
Batting: LHB Amric Robinson 0-0: Foul Ball, location: 2F
0-1: Ball
1-1: Called Strike
1-2: Ground out 3-1 (Groundball, 34, EV 77.5 MPH)
Batting: RHB Wyatt McKenney 0-0: Called Strike
0-1: Ball
1-1: Swinging Strike
1-2: Ball
2-2: Ball
3-2: Fly out, F9 (Flyball, 89S, EV 82.5 MPH)
Batting: LHB Houston Yap 0-0: Called Strike
0-1: Ball
1-1: Ball
2-1: Foul Ball, location: 2F
2-2: Ball
3-2: Base on Balls
Batting: RHB Reilly Wren 0-0: Ball
1-0: Foul Ball, location: 2F
1-1: Ball
2-1: Swinging Strike
2-2: Ball
Wild Pitch!
Houston Yap to second
3-2: Base on Balls
Batting: LHB Dalton Winger 0-0: Swinging Strike
0-1: Ball
1-1: Swinging Strike
1-2: Foul Ball, location: 2F
1-2: Ball
2-2: Strikes out swinging
Top of the 4th over - 0 runs, 0 hits, 0 errors, 2 left on base; Hartford 0 - Indianapolis 5
BOTTOM OF THE 4TH
Indianapolis Clowns batting - Pitching for Hartford Whalers : RHP Blake Yost
Batting: SHB Darren Lane 0-0: Foul Ball, location: 2F
0-1: Called Strike
0-2: Foul Ball, location: 2F
0-2: Ball
1-2: Ball
2-2: Ground out 6-3 (Groundball, 6MS, EV 67.5 MPH)
Batting: LHB Grady Faulkner 0-0: Ball
1-0: Swinging Strike
1-1: Ball
2-1: Called Strike
2-2: Foul Ball, location: 2F
2-2: Foul Ball, location: 2F
2-2: Foul Ball, location: 2F
2-2: SOLO HOME RUN (Flyball, 89XD, EV 100.6 MPH), Distance : 390 ft
Batting: RHB Jett Speer 0-0: Ball
1-0: Ball
2-0: Ground out 4-3 (Groundball, 4, EV 100.6 MPH)
Batting: RHB Gage Hay 0-0: Ball
1-0: Ball
2-0: Ball
3-0: Called Strike
3-1: Fly out, F8 (Flyball, 8RXD, EV 91.2 MPH)
Bottom of the 4th over - 1 run, 1 hit, 0 errors, 0 left on base; Hartford 0 - Indianapolis 6
TOP OF THE 5TH
Hartford Whalers batting - Pitching for Indianapolis Clowns : RHP Troy Cooper
Batting: LHB Gene Grimes 0-0: Called Strike
0-1: Swinging Strike
0-2: Strikes out swinging
Batting: RHB Zyaire Semijenov 0-0: Called Strike
0-1: Swinging Strike
0-2: Strikes out looking
Batting: SHB JaQawn Schiegl 0-0: Ball
1-0: Ball
2-0: Ball
3-0: Called Strike
3-1: Foul Ball, location: 2F
3-2: Foul Ball, location: 2F
3-2: Strikes out swinging
Top of the 5th over - 0 runs, 0 hits, 0 errors, 0 left on base; Hartford 0 - Indianapolis 6
BOTTOM OF THE 5TH
Indianapolis Clowns batting - Pitching for Hartford Whalers : RHP Blake Yost
Batting: RHB Blake Kahn 0-0: Ball
1-0: Called Strike
1-1: Swinging Strike
1-2: Fly out, F3 (Popup, 3, EV 56.2 MPH)
Batting: RHB Jared Bradley 0-0: SINGLE (Line Drive, 6D, EV 99.4 MPH)
Batting: LHB Elias Owen 0-0: Foul Ball, location: 2F
0-1: Ball
1-1: Fielders Choice at 2nd, 5-4 (Groundball, 56, EV 98.8 MPH)
Batting: RHB Bryant Francis 0-0: Ball
Elias Owen steals 2nd base
1-0: Ball
2-0: Ball
3-0: Called Strike
3-1: Called Strike
3-2: Base on Balls
Batting: LHB Sean Hayward 0-0: Ball
1-0: Ball
2-0: Swinging Strike
2-1: Called Strike
2-2: 3-RUN HOME RUN (Flyball, 9D, EV 98.8 MPH), Distance : 388 ft
Batting: SHB Darren Lane 0-0: Foul Ball, location: 2F
0-1: Swinging Strike
0-2: Ball
1-2: Strikes out swinging
Bottom of the 5th over - 3 runs, 2 hits, 0 errors, 0 left on base; Hartford 0 - Indianapolis 9
TOP OF THE 6TH
Hartford Whalers batting - Pitching for Indianapolis Clowns : RHP Troy Cooper
Batting: LHB Ian Schreiber 0-0: Foul Ball, location: 2F
0-1: Ball
1-1: Ball
2-1: Ground out 6-3 (Groundball, 6, EV 86.2 MPH)
Batting: LHB Amric Robinson 0-0: Ball
1-0: Ball
2-0: Called Strike
2-1: Called Strike
2-2: Ball
3-2: DOUBLE (Line Drive, 89D, EV 100.0 MPH)
Batting: RHB Wyatt McKenney 0-0: Ball
1-0: Called Strike
1-1: Swinging Strike
1-2: Strikes out swinging
Batting: LHB Houston Yap 0-0: Called Strike
0-1: Foul Ball, location: 2F
0-2: Foul Ball, location: 2F
0-2: Ball
1-2: SINGLE (Flyball, 8RS, EV 98.8 MPH)
Amric Robinson to third
Runner from 3rd tries for Home, throw by CF and OUT! 8-2
Top of the 6th over - 0 runs, 2 hits, 0 errors, 1 left on base; Hartford 0 - Indianapolis 9
BOTTOM OF THE 6TH
Indianapolis Clowns batting - Pitching for Hartford Whalers : RHP Blake Yost
Batting: LHB Grady Faulkner 0-0: Ball
1-0: Ball
2-0: Ball
3-0: Base on Balls
Pitching: LHP Noel Fetter
Batting: RHB Jett Speer 0-0: Called Strike
0-1: Ball
1-1: Foul Ball, location: 2F
1-2: Strikes out swinging
Batting: RHB Gage Hay 0-0: Swinging Strike
0-1: Swinging Strike
0-2: Ball
Wild Pitch!
Grady Faulkner to second
1-2: Foul Ball, location: 2F
1-2: Foul Ball, location: 2F
1-2: Foul Ball, location: 2F
1-2: Foul Ball, location: 2F
1-2: Strikes out looking
Batting: RHB Blake Kahn 0-0: Ball
1-0: Ball
2-0: Called Strike
2-1: Swinging Strike
2-2: SINGLE (Groundball, 56D, EV 105.0 MPH)
Grady Faulkner to third
Runner from 3rd tries for Home, SAFE, throw by LF to home
Batting: RHB Jared Bradley 0-0: Called Strike
0-1: Called Strike
0-2: Foul Ball, location: 2F
0-2: Strikes out swinging
Bottom of the 6th over - 1 run, 1 hit, 0 errors, 1 left on base; Hartford 0 - Indianapolis 10
TOP OF THE 7TH
Hartford Whalers batting - Pitching for Indianapolis Clowns : RHP Troy Cooper
Pitching: LHP Denver Benson
Batting: RHB Reilly Wren 0-0: Ball
1-0: Called Strike
1-1: Foul Ball, location: 2F
1-2: Ball
2-2: Foul Ball, location: 2F
2-2: Ground out 5-3 (Groundball, 5S, EV 69.4 MPH)
Batting: LHB Dalton Winger 0-0: Ball
1-0: Ball
2-0: Fly out, F7 (Flyball, 78S, EV 94.4 MPH)
Batting: LHB Gene Grimes 0-0: Ball
1-0: Foul Ball, location: 2F
1-1: Ball
2-1: Foul Ball, location: 2F
2-2: Ball
3-2: Foul Ball, location: 2F
3-2: Ground out 4-3 (Groundball, 34, EV 106.2 MPH)
Top of the 7th over - 0 runs, 0 hits, 0 errors, 0 left on base; Hartford 0 - Indianapolis 10
BOTTOM OF THE 7TH
Indianapolis Clowns batting - Pitching for Hartford Whalers : LHP Noel Fetter
Batting: LHB Elias Owen 0-0: Swinging Strike
0-1: Foul Ball, location: 2F
0-2: Foul Ball, location: 2F
0-2: Strikes out swinging
Batting: RHB Bryant Francis 0-0: Ball
1-0: Ball
2-0: Called Strike
2-1: Ball
3-1: Foul Ball, location: 2F
3-2: Strikes out swinging
Pinch Hitting: RHB Lee Vincent 0-0: Foul Ball, location: 2F
0-1: Foul Ball, location: 2F
0-2: Foul Ball, location: 2F
0-2: Ball
1-2: Strikes out looking
Bottom of the 7th over - 0 runs, 0 hits, 0 errors, 0 left on base; Hartford 0 - Indianapolis 10
TOP OF THE 8TH
Hartford Whalers batting - Pitching for Indianapolis Clowns : LHP Denver Benson
Now at 1B: Lee Vincent
Pinch Hitting: RHB Seth Floyd 0-0: Swinging Strike
0-1: Swinging Strike
0-2: Ball
1-2: Strikes out swinging
Batting: SHB JaQawn Schiegl 0-0: Swinging Strike
0-1: Swinging Strike
0-2: Ball
1-2: Strikes out swinging
Batting: LHB Ian Schreiber 0-0: Ball
1-0: Called Strike
1-1: Ball
2-1: Ball
3-1: Base on Balls
Pitching: RHP Lonnie Mortensen
Batting: RHB Abel Kazaz 0-0: Ball
1-0: DOUBLE (Line Drive, 89D, EV 110.0 MPH)
Ian Schreiber to third
Runner from 3rd tries for Home, SAFE, throw by CF to trailing runner, SAFE at third!
Batting: RHB Wyatt McKenney 0-0: Ball
1-0: SINGLE (Line Drive, 4D, EV 107.5 MPH)
Abel Kazaz scores
Batting: LHB Houston Yap 0-0: SINGLE (Line Drive, 6D, EV 105.6 MPH)
Wyatt McKenney to second
Batting: RHB Reilly Wren 0-0: Ball
1-0: Fly out, F8 (Flyball, 78M, EV 90.6 MPH)
Top of the 8th over - 2 runs, 3 hits, 0 errors, 2 left on base; Hartford 2 - Indianapolis 10
BOTTOM OF THE 8TH
Indianapolis Clowns batting - Pitching for Hartford Whalers : LHP Noel Fetter
Now at 2B: JaQawn Schiegl
Now at SS: Seth Floyd
Batting: SHB Darren Lane 0-0: Foul Ball, location: 2F
0-1: Swinging Strike
0-2: Foul Ball, location: 2F
0-2: Ball
1-2: Strikes out swinging
Batting: LHB Grady Faulkner 0-0: Foul Ball, location: 2F
0-1: Foul Ball, location: 2F
0-2: Ball
1-2: Strikes out swinging
Batting: RHB Jett Speer 0-0: Called Strike
0-1: Ball
1-1: Ground out 4-3 (Groundball, 4, EV 92.5 MPH)
Bottom of the 8th over - 0 runs, 0 hits, 0 errors, 0 left on base; Hartford 2 - Indianapolis 10
TOP OF THE 9TH
Hartford Whalers batting - Pitching for Indianapolis Clowns : RHP Lonnie Mortensen
Batting: LHB Dalton Winger 0-0: Ball
1-0: Foul Ball, location: 2F
1-1: Ball
2-1: Swinging Strike
2-2: Strikes out swinging
Batting: LHB Gene Grimes 0-0: SINGLE (Groundball, 4D, EV 98.8 MPH)
Batting: RHB Seth Floyd 0-0: Ball
1-0: Ball
2-0: Foul Ball, location: 2F
2-1: Foul Ball, location: 2F
2-2: Strikes out looking
Batting: SHB JaQawn Schiegl 0-0: Foul Ball, location: 2F
0-1: Swinging Strike
0-2: Strikes out looking
Top of the 9th over - 0 runs, 1 hit, 0 errors, 1 left on base; Hartford 2 - Indianapolis 10
Monday, April 29th , 2024 - OOTP Baseball 23.10 Build 110